 Dungeon Crawl Stone Soup version 0.20.1-1-g8b1a95d (webtiles) character file.

2560 Einherjaren the Cleaver (level 9, 0/75 HPs)
             Began as a Minotaur Fighter on Sept 6, 2017.
             Was an Initiate of Trog.
             Slain by a bullfrog skeleton (6 damage)
             ... on level 7 of the Dungeon.
             The game lasted 00:22:14 (5704 turns).

Einherjaren the Cleaver (Minotaur Fighter)          Turns: 5704, Time: 00:22:15

Health: 0/75       AC:  2    Str: 23    XL:     9   Next: 31%
Magic:  8/8        EV:  9    Int:  5    God:    Trog [......]
Gold:   331        SH: 11    Dex: 11    Spells: 8/8 levels left

rFire    + . .     SeeInvis .   a - +0 war axe
rCold    . . .     Gourm    .   c - +0 shield
rNeg     . . .     Faith    .   b - +0 scale mail
rPois    .         Spirit   .   B - +1 hat
rElec    .         Reflect  .   (no cloak)
rCorr    .         Harm     .   E - +0 pair of gloves
MR       .....                  (no boots)
Stlth    +.........             (no amulet)
Regen    0.3/turn               A - ring of protection from fire
MPRegen  0.2/turn               G - ring of stealth

@: corroded
A: retaliatory headbutt, horns 2
a: Burn Spellbooks, Renounce Religion


You were on level 7 of the Dungeon.
You worshipped Trog.
Trog was noncommittal.
You were not hungry.

You visited 2 branches of the dungeon, and saw 8 of its levels.

You collected 331 gold pieces.

Inventory:

Hand Weapons
 a - a +0 war axe (weapon)
 z - a +2 spear of venom
Armour
 b - a +0 scale mail (worn)
 c - a +0 shield (worn)
 B - a +1 hat (worn)
 E - a +0 pair of gloves (worn)
Jewellery
 s - an uncursed ring of magical power
 A - a ring of protection from fire (left hand)
 G - a ring of stealth (right hand)
Wands
 u - a wand of random effects (18/48)
Scrolls
 g - a scroll of identify
 h - a scroll of immolation {unknown}
 j - 2 scrolls of noise {unknown}
 n - 2 scrolls of enchant weapon {unknown}
 o - 3 scrolls of remove curse {unknown}
 t - a scroll of amnesia {unknown}
 w - 2 scrolls of enchant armour {unknown}
 x - a scroll of fear {unknown}
 y - 4 scrolls of recharging {unknown}
 D - a scroll of magic mapping {unknown}
Potions
 d - 2 potions of might
 e - a potion of magic
 i - 5 potions of curing
 k - 2 potions of haste
 l - a potion of mutation
 m - a potion of berserk rage
 p - a potion of lignification
 v - a potion of agility {unknown}
 F - 2 potions of flight {unknown}
Books
 C - a book of Misfortune

   Spells                             Type                      Level
   a - Confusing Touch                Hexes                        1
   b - Confuse                        Hexes                        3
   c - Gell's Gravitas                Translocation                3
   d - Petrify                        Transmutation/Earth          4
   e - Metabolic Englaciation         Hexes/Ice                    5
   f - Yara's Violent Unravelling     Hexes/Transmutation          5
   Trog disapproves of the use of such an item.
Comestibles
 f - 2 bread rations
 q - 2 meat rations


   Skills:
 + Level 5.9 Fighting
 + Level 9.8 Axes
 + Level 8.4 Armour
 + Level 2.7 Dodging
 + Level 1.3 Stealth
 + Level 7.5 Shields


You had 8 spell levels left.
You didn't know any spells.

Dungeon Overview and Level Annotations

Branches:
Dungeon (7/15)             Temple (1/1) D:7

Altars:
Ashenzari
Cheibriados
Dithmenos
Elyvilon
Fedhas
Gozag
Hepliaklqana
Kikubaaqudgha
Makhleb
Nemelex Xobeh
Okawaru
Ru
Sif Muna
Trog
Uskayaw
Yredelemnul
Zin
The Shining One


Innate Abilities, Weirdness & Mutations

You reflexively headbutt those who attack you in melee.
You have a pair of horns on your head.


Message History

You block the bullfrog skeleton's attack.
You hit the yak.
The yak is heavily wounded.
You hit the bullfrog skeleton. The bullfrog skeleton hits you.
* * * LOW HITPOINT WARNING * * *
The yak gores you!
* * * LOW HITPOINT WARNING * * *
You feel much better.
You block the bullfrog skeleton's attack.
The yak gores you!
* * * LOW HITPOINT WARNING * * *
Your shield and scale mail prevent you from hitting the yak.
You headbutt the yak.
The yak is heavily wounded.
You hit the bullfrog skeleton.
The bullfrog skeleton barely misses you.
The yak gores you!
* * * LOW HITPOINT WARNING * * *
The bullfrog skeleton hits you.
You die...

....##)######.##.#§≈≈≈§≈§#.####
..........# #......≈§§≈≈.#.#
....##.##.# #....#..≈≈≈..#.###
#####..<#.###....##..##......#
#...#........##.......####
##.#######...####.....+ ###
##.)####..(..# ##...........
#@#######.### #ZY....#...
#J...#.#..# #....# #.......#
#.#.....# #>..!.......
##.......... ####.......


You could see a yak, a jelly and a bullfrog skeleton.

Vanquished Creatures
  The ghost of prototypeXXsupercool the Chopper, a novice HOFi (D:5)
  3 yaks (D:7)
  A hungry ghost (D:7)
  A water moccasin (D:7)
  An ice beast (D:6)
  4 ogres
  A phantom (D:6)
  2 centaurs
  3 howler monkeys (D:7)
  3 crimson imps
  A bullfrog zombie (D:6)
  2 jellies
  A bullfrog skeleton (D:6)
  2 orc priests
  Ijyb (D:3)
  An iguana (D:4)
  3 orc wizards
  4 worker ants
  A hound skeleton (D:5)
  A worker ant zombie (D:5)
  5 adders
  10 gnolls
  A shadow imp (D:7)
  An ooze (D:1)
  2 adder skeletons
  A dart slug (D:1)
  20 orcs
  5 giant cockroaches
  10 goblins
  2 hobgoblins
  8 jackals
  6 kobolds
  4 quokkas
  7 bats
  4 frilled lizards
  A jackal zombie (D:6)
  A quokka skeleton (D:5)
  A quokka zombie (D:5)
  6 rats
132 creatures vanquished.

Notes
Turn   | Place    | Note
-------+----------+-------------------------------------------
     0 | D:1      | Einherjaren the Minotaur Fighter began the quest for the Orb.
     0 | D:1      | Reached XP level 1. HP: 19/19 MP: 0/0
   197 | D:1      | Reached XP level 2. HP: 26/27 MP: 1/1
   927 | D:2      | Reached XP level 3. HP: 33/33 MP: 2/2
   939 | D:2      | Reached skill level 3 in Axes
  1165 | D:2      | Found an ancient bone altar of Kikubaaqudgha.
  1442 | D:3      | Reached XP level 4. HP: 26/40 MP: 3/3
  1702 | D:3      | Reached skill level 4 in Axes
  1855 | D:3      | Noticed Ijyb
  1858 | D:3      | Reached XP level 5. HP: 37/46 MP: 4/4
  1865 | D:3      | Killed Ijyb
  1880 | D:3      | Reached skill level 5 in Armour
  2141 | D:4      | Reached skill level 5 in Axes
  2202 | D:4      | Reached skill level 1 in Dodging
  2512 | D:4      | Reached XP level 6. HP: 37/52 MP: 5/5
  3113 | D:4      | Reached skill level 5 in Shields
  3468 | D:5      | Entered Level 5 of the Dungeon
  3471 | D:5      | Reached skill level 6 in Axes
  3527 | D:5      | Noticed prototypeXXsupercool's ghost (novice HOFi)
  3535 | D:5      | Killed prototypeXXsupercool's ghost
  3535 | D:5      | Reached skill level 7 in Axes
  3535 | D:5      | Reached XP level 7. HP: 57/60 MP: 6/6
  3785 | D:5      | Reached XP level 8. HP: 62/67 MP: 7/7
  4336 | D:6      | Reached skill level 1 in Stealth
  4494 | D:6      | Reached skill level 5 in Fighting
  4514 | D:6      | Reached skill level 8 in Axes
  5034 | D:7      | Found a shattered altar of Ashenzari.
  5062 | D:7      | Reached skill level 9 in Axes
  5196 | D:7      | Found a flagged portal.
  5339 | D:7      | Found a staircase to the Ecumenical Temple.
  5355 | Temple   | Entered the Ecumenical Temple
  5385 | Temple   | Became a worshipper of Trog the Wrathful
  5656 | D:7      | Reached XP level 9. HP: 74/74 MP: 8/8
  5704 | D:7      | Slain by a bullfrog skeleton

Skill      XL: |  1  2  3  4  5  6  7  8  9 |
---------------+----------------------------+-----
Armour         | 4 5 6 7 8 |  8.4
Axes           | 3 4 5 7 9 |  9.8
Shields        | 4 5 6 7 |  7.5
Fighting       | 4 5 |  5.9
Dodging        | 1 2 |  2.7
Stealth        | 1 |  1.3

Action                   |  1- 3 |  4- 6 |  7- 9 || total
-------------------------+-------+-------+-------++-------
Melee: War axe           |    70 |   164 |   205 ||   439
       Headbutt          |     8 |    23 |    33 ||    64
  Use: Scroll            |       |     7 |     5 ||    12
       Potion            |       |     1 |     3 ||     4
  Eat: Chunk             |     1 |     3 |       ||     4
       Bread ration      |       |     1 |     4 ||     5
       Royal jelly       |       |       |     2 ||     2
Armor: Scale mail        |    35 |    43 |    61 ||   139
Dodge: Dodged            |    28 |    44 |    62 ||   134
Block: Shield            |    53 |    76 |    99 ||   228
